 Dungeon Crawl Stone Soup version 0.21.1-1-g345015fe64 (webtiles) character file.

280 Fames the Skirmisher (level 6, -5/56 HPs)
             Began as a Minotaur Berserker on July 31, 2018.
             Was a Priest of Trog.
             Killed by divine providence
             ... invoked by an orc priest
              (13 damage)
             ... on level 3 of the Dungeon.
             The game lasted 00:08:55 (2150 turns).

Fames the Skirmisher (Minotaur Berserker)           Turns: 2150, Time: 00:08:55

Health: -5/56      AC:  2    Str: 24    XL:     6   Next: 5%
Magic:  5/5        EV: 13    Int:  4    God:    Trog [***...]
Gold:   93         SH:  0    Dex: 14    Spells: 5/5 levels left

rFire    . . .     SeeInvis +   l - +0 short sword
rCold    . . .     Gourm    .   (no shield)
rNeg     . . .     Faith    .   b - +0 animal skin
rPois    .         Spirit   .   (helmet restricted)
rElec    .         Reflect  .   (no cloak)
rCorr    .         Harm     .   (no gloves)
MR       .....                  (no boots)
Stlth    ++........             (no amulet)
HPRegen  0.18/turn              d - ring of see invisible
MPRegen  0.09/turn              h - +5 ring of dexterity

@: berserk cooldown, slowed, very slow
A: retaliatory headbutt, horns 2
a: Berserk, Trog's Hand, Burn Spellbooks, Renounce Religion


You were on level 3 of the Dungeon.
You worshipped Trog.
Trog was most pleased with you.
You were near starving.

You visited 1 branch of the dungeon, and saw 3 of its levels.

You collected 93 gold pieces.

Inventory:

Hand Weapons
 l - a +0 short sword (weapon)
Armour
 b - a +0 animal skin (worn)
Jewellery
 d - a ring of see invisible (left hand)
 h - a +5 ring of dexterity (right hand)
 k - an uncursed ring of see invisible
Wands
 j - a wand of iceblast (11)
Scrolls
 e - 4 scrolls of remove curse
 f - 2 scrolls of blinking {unknown}
 g - 2 scrolls of identify {unknown}
Potions
 i - a potion of brilliance {unknown}
Comestibles
 c - 4 rations


   Skills:
 + Level 5.5 Fighting
 + Level 5.2 Short Blades
 + Level 2.6 Armour
 + Level 3.5 Dodging
 + Level 1.4 Stealth


You had 5 spell levels left.
You didn't know any spells.

Dungeon Overview and Level Annotations

Branches:
Dungeon (3/15)

Altars:
Fedhas


Innate Abilities, Weirdness & Mutations

You reflexively headbutt those who attack you in melee.
You have a pair of horns on your head.


Message History

a mace; a hand axe; 4 chunks of flesh The orc priest hits you with a dagger.
* * * LOW HITPOINT WARNING * * *
An orc comes into view. It is wielding a club.
You closely miss the orc priest. The orc hits you.
* * * LOW HITPOINT WARNING * * *
The orc priest hits you with a dagger.
* * * LOW HITPOINT WARNING * * *
It was a potion of curing.
You feel better. The orc closely misses you. You furiously retaliate!
You headbutt the orc!
You kill the orc!
Trog accepts your kill. The hound zombie closely misses you.
The orc priest closely misses you. The hound zombie barely misses you.
The orc priest misses you.
Unknown command.
The hound zombie barely misses you. You furiously retaliate!
You headbutt the hound zombie!
The orc priest invokes the aid of Beogh against you.
Beogh smites you!
You die...

## #.. .. .. .### .o# #o#
...#######.##########
......†..)Z@........#
..###.†.#).########.#######
.....#!#..###............#
.%###.#.#...##.####.#####.#
. #.............# ##
####..#.....(.#
...#.......#####>#
.#.#.............#
#.#.........######


You could see an orc priest, an orc and a hound zombie.

Vanquished Creatures
  The ghost of rumpelstilzz the Skirmisher, a weakling CeFi (D:3)
  A centaur skeleton (D:3)
  Jessica (D:2)
  A hound skeleton (D:3)
  A worker ant zombie (D:3)
  4 gnolls (D:3)
  A howler monkey skeleton (D:3)
  3 adders
  An adder skeleton (D:3)
  A worm (D:2)
  5 dart slugs
  6 orcs (D:3)
  2 giant cockroaches (D:1)
  5 goblins
  5 hobgoblins
  2 jackals (D:2)
  2 quokkas (D:3)
  A ball python skeleton (D:3)
  9 bats
  3 frilled lizards (D:1)
  A jackal zombie (D:3)
  3 kobolds
  A quokka skeleton (D:3)
  9 rats
69 creatures vanquished.

Notes
Turn   | Place    | Note
-------+----------+-------------------------------------------
     0 | D:1      | Fames the Minotaur Berserker began the quest for the Orb.
     0 | D:1      | Reached XP level 1. HP: 19/19 MP: 0/0
   170 | D:1      | Reached XP level 2. HP: 21/27 MP: 1/1
   549 | D:1      | Reached ** piety under Trog
   549 | D:1      | Reached XP level 3. HP: 34/34 MP: 2/2
   827 | D:2      | Noticed Jessica
   833 | D:2      | Killed Jessica
   965 | D:2      | Reached XP level 4. HP: 39/41 MP: 3/3
   968 | D:2      | Found a blossoming altar of Fedhas.
  1535 | D:3      | Reached skill level 5 in Fighting
  1538 | D:3      | Reached skill level 1 in Stealth
  1544 | D:3      | Reached XP level 5. HP: 12/48 MP: 4/4
  1823 | D:3      | Noticed rumpelstilzz's ghost (weakling CeFi)
  1834 | D:3      | Killed rumpelstilzz's ghost
  2106 | D:3      | Reached *** piety under Trog
  2111 | D:3      | Reached skill level 5 in Short Blades
  2136 | D:3      | Reached XP level 6. HP: 21/56 MP: 5/5
  2150 | D:3      | Killed from afar by an orc priest

Skill      XL: |  1  2  3  4  5 |
---------------+----------------+-----
Fighting       | 4 5 |  5.5
Short Blades   | 4 5 |  5.2
Dodging        | 3 |  3.5
Stealth        | 1 |  1.4
Armour         | |  2.6

Action                   |  1- 3 |  4- 6 || total
-------------------------+-------+-------++-------
Melee: Short sword       |    80 |    81 ||   161
       Headbutt          |    11 |    16 ||    27
Invok: Berserk           |     1 |     3 ||     4
  Use: Scroll            |       |     1 ||     1
       Potion            |       |     1 ||     1
  Eat: Chunk             |     1 |     5 ||     6
Armor: Animal skin       |    14 |     5 ||    19
Dodge: Dodged            |    45 |    61 ||   106
